 Dungeon Crawl Stone Soup version 0.16-a0-3855-gd2600ac (webtiles) character file.

168 Impoz the Skirmisher (level 5, 0/43 HPs)
             Began as a Formicid Fighter on Jan 31, 2015.
             Slain by a centaur (5 damage)
             ... on level 3 of the Dungeon.
             The game lasted 00:10:45 (2203 turns).

Impoz the Skirmisher (Formicid Fighter)             Turns: 2203, Time: 00:10:45

Health: 0/43       AC:  7    Str: 26    XL:     5   Next: 77%
Magic:  7/7        EV:  8    Int:  7    God:
Gold:   148        SH: 10    Dex: 11    Spells: 0 memorised, 4 levels left

rFire  + . .     SeeInvis +     m - +0 war axe
rCold  . . .     Clarity  .     b - +0 scale mail
rNeg   . . .     SustAb   .     c - +0 shield
rPois  .         Gourm    .     (helmet unavailable)
rElec  .         Spirit   .     (no cloak)
rCorr  .         Warding  .     (no gloves)
rMut   .         Stasis   +     (no boots)
MR     .....                    (no amulet)
Stlth  ..........               (no ring)
                                r - ring of protection from fire

@: mighty, not resistant to hostile enchantments, extremely unstealthy
A: permanent stasis, dig shafts and tunnels, four strong arms, antennae 3
a: Dig, Shaft Self


You were on level 3 of the Dungeon.
You were hungry.

You visited 1 branch of the dungeon, and saw 3 of its levels.

You collected 148 gold pieces.

Inventory:

Hand weapons
 a - a +0 war axe
 m - a +0 war axe (weapon)
 n - a +0 spear
 q - a +0 spear
 v - a +0 spear
 w - a +0 spear
Armour
 b - a +0 scale mail (worn)
 c - a +0 shield (worn)
Jewellery
 r - a ring of protection from fire (left hand)
Scrolls
 f - a scroll of magic mapping {unknown}
 g - 2 scrolls of identify {unknown}
 i - 2 scrolls of recharging
 j - a scroll of amnesia {unknown}
 k - 3 scrolls of remove curse {unknown}
 s - a scroll of blinking {unknown}
Potions
 h - a potion of curing {unknown}
 l - a potion of haste {unknown}
 o - a potion of invisibility {unknown}
 t - a potion of mutation {unknown}
Comestibles
 d - a bread ration
 p - a beef jerky


   Skills:
 + Level 4.9 Fighting
 + Level 3.5 Axes
 - Level 4.0 Armour
 - Level 4.0 Shields


You had 4 spell levels left.
You didn't know any spells.

Dungeon Overview and Level Annotations

Branches:
Dungeon (3/15)

Altars:


Innate Abilities, Weirdness & Mutations

You are under a permanent stasis effect.
You can dig through walls and to a lower floor.
Your four strong arms can wield two-handed weapons with a shield.
You have a pair of large antennae on your head (SInv).


Message History

The centaur hits you. The centaur closely misses you.
You closely miss the centaur.
The centaur is heavily wounded.
The centaur hits you. The centaur closely misses you. The centaur hits you.
You hit the centaur but do no damage.
The centaur is heavily wounded.
The centaur hits you. The centaur closely misses you.
You barely miss the centaur.
The centaur is heavily wounded.
The centaur hits you!
* * * LOW HITPOINT WARNING * * *
The centaur hits you.
* * * LOW HITPOINT WARNING * * *
Drink which item? (? for menu, Esc to quit)
You feel very mighty all of a sudden.
The centaur hits you but does no damage.
You closely miss the centaur.
The centaur is heavily wounded.
The centaur hits you.
You die...

...########.#.#....#
########## ...# #.#.#.##.#
........... ...###
#.#.#.##.# ####.####.##
.....#
#.#.#.##.#.#⌠.#.#).'.'.
.....#
##.#.#.##.#.#..#.#..#.#.
.....#
#......##.#.##'#.##(#.##
.....#
####.####.#.............
######
#.####.#.##'#.##+#.##
#.##@#.#.#..#.#..#.#.
#.#.#c.#.#.†'÷'†.#.#.
#.##.#.#.####.####.##
######.####.#.............
#.......####(#.############
#.......(...c....).[.......
#.....c.#####.########....#
.............# #....#
......######.# #....#


You could see a centaur.

Vanquished Creatures
  An orc wizard (D:3)
  4 gnolls (D:3)
  2 adders (D:2)
  A giant mite (D:2)
  2 worms (D:2)
  2 giant geckos
  An ooze (D:1)
  3 orcs (D:3)
  A ball python (D:1)
  2 giant cockroaches
  7 goblins
  5 hobgoblins
  3 jackals (D:2)
  6 kobolds
  A quokka (D:2)
  10 bats
  4 giant newts (D:2)
  13 rats
68 creatures vanquished.

Notes
Turn   | Place    | Note
--------------------------------------------------------------
     0 | D:1      | Impoz, the Formicid Fighter, began the quest for the Orb.
     0 | D:1      | Reached XP level 1. HP: 18/18 MP: 1/1
   126 | D:1      | Reached XP level 2. HP: 16/24 MP: 3/3
   309 | D:1      | Reached skill level 4 in Shields
   591 | D:2      | Reached XP level 3. HP: 7/30 MP: 4/4
   995 | D:2      | Reached XP level 4. HP: 37/37 MP: 5/5
  1609 | D:3      | Reached XP level 5. HP: 37/43 MP: 7/7
  2186 | D:3      | Noticed a centaur
  2203 | D:3      | Slain by a centaur

Action                   |  1- 3 |  4- 6 || total
-------------------------+-------+-------++-------
Melee: War axe           |   101 |   158 ||   259
 Abil: Dig               |       |     2 ||     2
  Use: Scroll            |       |     1 ||     1
       Potion            |       |     1 ||     1
  Eat: Chunk             |       |     4 ||     4
